 Dungeon Crawl Stone Soup version 0.20-a0-494-gf50ee04 (webtiles) character file.

144 tsouns the Skirmisher (level 5, 0/54 HPs)
             Began as an Ogre Wanderer on Jan 17, 2017.
             Was an Initiate of Okawaru.
             Slain by a gnoll
             ... wielding a +0 flail
              (6 damage)
             ... on level 3 of the Dungeon.
             The game lasted 00:10:45 (3262 turns).

tsouns the Skirmisher (Ogre Wanderer)               Turns: 3262, Time: 00:10:45

Health: 0/54       AC:  3    Str: 17    XL:     5   Next: 26%
Magic:  0/7        EV:  9    Int: 15    God:    Okawaru [......]
Gold:   164        SH:  0    Dex:  6    Spells: 3/7 levels left

rFire    . . .     SeeInvis .   t - +0 flail
rCold    . . .     Gourm    .   b - +0 robe
rNeg     . . .     Faith    .   (no shield)
rPois    .         Spirit   .   (helmet restricted)
rElec    .         Reflect  .   (no cloak)
rCorr    .         Harm     +   (gloves unavailable)
MR       .....                  (boots unavailable)
Stlth    +.........             q - amulet of harm
Regen    0.2/turn               (no ring)
                                (no ring)

@: very slightly contaminated
A: unfitting armour, tough skin 1
a: Renounce Religion


You were on level 3 of the Dungeon.
You worshipped Okawaru.
Okawaru was noncommittal.
You were not hungry.

You visited 1 branch of the dungeon, and saw 3 of its levels.

You collected 164 gold pieces.

Inventory:

Hand Weapons
 d - a +0 club
 e - a +0 mace
 n - a +0 whip
 t - a +0 flail (weapon)
Missiles
 g - 96 stones (quivered)
 r - 7 steel javelins
Armour
 b - a +0 robe (worn)
Jewellery
 q - an amulet of harm (around neck)
Scrolls
 i - a scroll of teleportation
 k - 2 scrolls of blinking
 s - a scroll of identify
Potions
 j - a potion of ambrosia
 m - a potion of flight
 o - a potion of agility
 p - a potion of haste
Books
 a - a book of Maledictions

   Spells                             Type                      Level
   a - Corona                         Hexes                        1
   b - Ensorcelled Hibernation        Hexes/Ice                    2
   c - Confuse                        Hexes                        3
   d - Tukima's Dance                 Hexes                        3
   e - Dazzling Spray                 Conjuration/Hexes            3
 c - the Papyrus of Envenoming

   Spells                             Type                      Level
   a - Sting                          Conjuration/Poison           1
   b - Mephitic Cloud                 Conjuration/Poison/Air       3
Comestibles
 f - a bread ration
 l - 2 meat rations


   Skills:
 + Level 4.1 Fighting
 * Level 2.9 Maces & Flails
 - Level 1.0 Dodging
   Level 1.7 Shields
 - Level 1.8 Spellcasting
 - Level 3.3 Hexes
   Level 1.0 Necromancy


You had 3 spell levels left.
You knew the following spells:

 Your Spells              Type           Power        Failure   Level  Hunger
a - Corona                Hex            ##.....      8%          1    ##.....
b - Sting                 Conj/Pois      #...         28%         1    ##.....
c - Ensorcelled Hibernat  Hex/Ice        #.....       17%         2    ###....


Dungeon Overview and Level Annotations

Branches:
Dungeon (3/15)

Altars:
Gozag
Okawaru


Innate Abilities, Weirdness & Mutations

You are too large for most types of armour.
You have tough skin. (AC +1)


Message History

The gnoll barely misses you.
Casting: Sting
Confirm with . or Enter, or press ? or * to list all spells.
Aiming: Sting
Press: ? - help, Shift-Dir - straight line, f/p - gnoll
Aim: a gnoll, wielding a whip (lightly wounded)
The sting hits the gnoll.
The gnoll is poisoned.
The gnoll is lightly wounded.
The gnoll hits you with a flail!
* * * LOW HITPOINT WARNING * * *
The gnoll looks more healthy.
Casting: Sting
Confirm with . or Enter, or press ? or * to list all spells.
Aiming: Sting
Press: ? - help, Shift-Dir - straight line, f/p - gnoll
Aim: a gnoll, wielding a whip (lightly wounded)
The sting hits the gnoll.
The gnoll is poisoned.
The gnoll is heavily wounded.
The gnoll hits you with a flail.
You die...

...................##...#####
#.........#...#.###.##
#.##.#####..###..###.# ##.##
##.## ##...#.# ##.#.###.##
##..#.# ##.###.##.# #....#
#..####...## ##..###
#.#.##.###.## ##...#
..###...g.g@.###..###
..##.#..#######...### #.
#.#.# ##.####### # # #.#g#
#.....รท..# #.##.#.#####
#...####.# #......>...###.#.#
#.####### #..#.#.........#.#
#........ # #<#.#######.#.#
######### #. #.#.# #.#.#
#.......


You could see 2 gnolls.

Vanquished Creatures
  A hound (D:3)
  2 gnolls (D:3)
  An adder (D:2)
  A worm (D:3)
  2 dart slugs (D:1)
  A leopard gecko (D:2)
  An orc (D:3)
  11 bats
  4 giant cockroaches
  11 goblins
  5 hobgoblins
  13 jackals
  A quokka (D:2)
  6 frilled lizards
  8 kobolds
  7 rats
75 creatures vanquished.

Notes
Turn   | Place    | Note
-------+----------+-------------------------------------------
     0 | D:1      | tsouns the Ogre Wanderer began the quest for the Orb.
     0 | D:1      | tsouns set off with: a book of Maledictions, a +0 robe, the Papyrus of Envenoming, a +0 club, a bread ration
     0 | D:1      | Reached XP level 1. HP: 22/22 MP: 2/2
     0 | D:1      | Identified the Papyrus of Envenoming
     2 | D:1      | Learned a level 1 spell: Corona
     4 | D:1      | Learned a level 1 spell: Sting
   431 | D:1      | Reached XP level 2. HP: 29/29 MP: 3/3
   517 | D:1      | Reached skill level 3 in Fighting
   540 | D:1      | Found an iron altar of Okawaru.
   556 | D:1      | Reached skill level 1 in Maces & Flails
   591 | D:1      | Became a worshipper of Warmaster Okawaru
   691 | D:1      | Reached XP level 3. HP: 35/37 MP: 2/4
   809 | D:1      | Learned a level 2 spell: Ensorcelled Hibernation
  1181 | D:1      | Gained mutation: Armour fits poorly on your strangely shaped body. [potion of mutation]
  1181 | D:1      | Gained mutation: Your muscles are strong. (Str +2) [potion of mutation]
  1181 | D:1      | Gained mutation: You possess an exceptional clarity of mind. [potion of mutation]
  1222 | D:2      | Found an opulent altar of Gozag.
  1373 | D:2      | Lost mutation: Armour fits poorly on your strangely shaped body. [potion of cure mutation]
  1373 | D:2      | Lost mutation: You possess an exceptional clarity of mind. [potion of cure mutation]
  1373 | D:2      | Lost mutation: Your muscles are strong. (Str +2) [potion of cure mutation]
  1380 | D:2      | Reached XP level 4. HP: 7/45 MP: 1/6
  2429 | D:3      | Reached XP level 5. HP: 54/54 MP: 0/7
  2982 | D:3      | Reached skill level 4 in Fighting
  3262 | D:3      | Slain by a gnoll

Vault maps used:
D:1:      dpeg_arrival_leaves_temple_mockup, minmay_misc_feat_roman,
          eino_curves_03, st_stairs_4, nrook_mini_backslash,
          okawaru_ov_weapons_minmay
D:2:      grunt_gozag_statues
D:3:      roderic_filled_cross

Skill      XL: |  1  2  3  4  5 |
---------------+----------------+-----
Hexes          | 3 |  3.3
Fighting       | 3 4 |  4.1
Maces & Flails | 1 2 |  2.9
Dodging        | |  1.0
Shields        | |  1.7
Spellcasting   | |  1.8
Necromancy     | |  1.0

Action                   |  1- 3 |  4- 6 || total
-------------------------+-------+-------++-------
Melee: Mace              |   119 |   143 ||   262
       Flail             |       |     9 ||     9
 Cast: Sting             |    30 |    33 ||    63
       Corona            |     3 |    23 ||    26
  Use: Scroll            |     8 |     4 ||    12
       Potion            |     3 |       ||     3
  Eat: Chunk             |     3 |     4 ||     7
       Bread ration      |       |     1 ||     1
Armor: Robe              |    63 |    59 ||   122
Dodge: Dodged            |    68 |   101 ||   169
